 Dungeon Crawl Stone Soup version 0.24.1 (webtiles) character file.

Game seed: 9206826931429541437, levelgen mode: deterministic

29381 Chiseanne the Fighter (level 13, -5/105 HPs)
             Began as a Mummy Artificer on Mar 30, 2020.
             Was an Initiate of Gozag.
             Killed from afar by a lindwurm (9 damage)
             ... with a blast of flame
             ... on level 15 of the Dungeon on Mar 31, 2020.
             The game lasted 00:53:49 (17892 turns).

Chiseanne the Fighter (Mummy Artificer)            Turns: 17892, Time: 00:53:50

Health: -5/105     AC: 23    Str: 16    XL:     13   Next: 14%
Magic:  0/20       EV: 14    Int: 13    God:    Gozag
Gold:   2444       SH:  8    Dex: 14    Spells: 12/12 levels left

rFire    + . .     SeeInvis +   a - +5 flail (protect)
rCold    . . .     Gourm    .   r - +3 buckler {AC+3}
rNeg     + + +     Faith    .   D - +1 fire dragon scales of the Monkey's Uncle {rF++ rC- Slay+2}
rPois    ∞         Spirit   +   (no helmet)
rElec    .         Reflect  .   (no cloak)
rCorr    .         Harm     .   f - +1 pair of gloves
MR       +....                  n - +1 pair of boots
Stlth    ..........             b - amulet of guardian spirit
HPRegen  0.27/turn              G - +3 ring of protection
MPRegen  0.17/turn              i - ring of see invisible

@: gold aura
A: no food or potions, fire vulnerability, cold resistance 1, negative energy
resistance 3, torment resistance, unbreathing, in touch with death 1
a: Potion Petition, Call Merchant, Bribe Branch, Renounce Religion


You were on level 15 of the Dungeon.
You worshipped Gozag.
Gozag was most pleased with you.
You were not hungry.

You visited 2 branches of the dungeon, and saw 16 of its levels.

You collected 3011 gold pieces.
You spent 454 gold pieces at shops.
You paid 113 gold pieces to Gozag.

Inventory:

Hand Weapons
 a - a +5 flail of protection (weapon)
 s - a +1 short sword of venom
 w - a +0 hunting sling
 z - a +2 vampiric scimitar
 K - the +6 falchion of the Sky {freeze, Str+8 Int+2}
   (You found it on level 11 of the Dungeon)

   It has been specially enchanted to freeze those struck by it, causing extra
   injury to most foes and up to half again as much damage against particularly
   susceptible opponents.
   It can also slow down cold-blooded creatures.
   It affects your strength (+8).
   It affects your intelligence (+2).
 L - a +1 scimitar of flaming
 M - a cursed +4 trident of freezing
Missiles
 g - 603 stones
 j - 140 bolts
 k - 134 arrows
 l - 66 sling bullets
 o - 32 poisoned darts (quivered)
 x - 9 boomerangs
 F - 6 throwing nets
Armour
 f - a +1 pair of gloves (worn)
 h - +3 fire dragon scales
 n - a +1 pair of boots (worn)
 r - a +3 buckler of protection (worn)
 D - the +1 fire dragon scales of the Monkey's Uncle (worn) {rF++ rC- Slay+2}
   (You found it on level 7 of the Dungeon)

   It affects your accuracy and damage with ranged weapons and melee attacks
   (+2).
   It greatly protects you from fire.
   It makes you vulnerable to cold.
Magical Staves
 p - an uncursed staff of cold
 t - an uncursed staff of fire
 E - an uncursed staff of power
Jewellery
 b - an amulet of guardian spirit (around neck)
 i - a ring of see invisible (right hand)
 q - an uncursed amulet of regeneration
 y - an uncursed ring of protection from fire
 C - an uncursed ring of resist corrosion
 G - a +3 ring of protection (left hand)
Wands
 c - a wand of flame (31)
 d - a wand of random effects (14)
 v - a wand of polymorph (3)
Scrolls
 e - 3 scrolls of fog
 m - 6 scrolls of remove curse
 u - 8 scrolls of identify
Potions
 A - a potion of mutation
Miscellaneous
 J - a fan of gales (inert)


   Skills:
 - Level 10.9 Fighting
 - Level 0.7 Short Blades
 - Level 9.2 Armour
 - Level 9.4 Dodging
 - Level 0.7 Stealth
 + Level 5.0 Shields
 - Level 9.6 Evocations


You had 12 spell levels left.
You didn't know any spells.
Your spell library contained the following spells:

 Spells                   Type           Power        Failure   Level  Hunger
 Magic Dart               Conj           #...         75%         1    N/A
 Sting                    Conj/Pois      #...         75%         1    N/A
 Blink                    Tloc           N/A          86%         2    N/A
 Call Imp                 Summ           #.......     86%         2    N/A
 Poisonous Vapours        Pois/Air       #.....       86%         2    N/A
 Slow                     Hex            #.......     86%         2    N/A
 Conjure Flame            Conj/Fire      #.......     98%         3    N/A
 Mephitic Cloud           Conj/Pois/Air  #.......     98%         3    N/A
 Olgreb's Toxic Radiance  Pois           #.......     100%        4    N/A
 Venom Bolt               Conj/Pois      #.........   100%        5    N/A
 Freezing Cloud           Conj/Ice/Air   #.........   100%        6    N/A
 Ring of Flames           Chrm/Fire      #.........   100%        7    N/A

Dungeon Overview and Level Annotations

Branches:
Dungeon (15/15)            Temple (1/1) D:7            Lair (0/6) D:11
    Orc (0/2) D:12         Vaults (0/5) D:14
 Depths: D:15

Altars:
Ashenzari
Dithmenos
Gozag
Hepliaklqana
Kikubaaqudgha
Makhleb
Nemelex Xobeh
Okawaru
Sif Muna
Trog
Uskayaw
Wu Jian
Yredelemnul
Zin
The Shining One

Shops:
D:4 (   D:6 (   D:8 }

Portals:
Trove: D:12 (give +4 ice dragon scales)

Annotations:
D:9 1 runed translucent door, Curus's ghost, novice MiFi
D:11 3 runed translucent doors
D:12 4 runed translucent doors, mys's ghost, journeyman DrWz


Innate Abilities, Weirdness & Mutations

You do not eat or drink.
Your flesh is vulnerable to fire.
You are immune to poison.
Your flesh is cold resistant. (rC+)
You are immune to negative energy. (rN+++)
You are immune to unholy pain and torment.
You can survive without breathing.
You are in touch with the powers of death.


Message History

The lindwurm resists with significant effort.
Evoke which item? (* to show all) (? for menu, Esc to quit)
Aiming: Random Effects
Press: ? - help, Shift-Dir - straight line, f/p - lindwurm
Aim: a lindwurm (heavily wounded)
The lindwurm seems to speed up.
The lindwurm bites you but does no damage.
You block the lindwurm's attack.
The lindwurm claws you but does no damage.
The lindwurm bites you but does no damage.
You block the lindwurm's attack. The lindwurm closely misses you.
Evoke which item? (* to show all) (? for menu, Esc to quit)
Aiming: Random Effects
Press: ? - help, Shift-Dir - straight line, f/p - lindwurm
Aim: a lindwurm (heavily wounded, fast)
The puff of frost misses the lindwurm.
The lindwurm breathes flames at you. The blast of flame hits you! You resist.
You die...
Your body crumbles into a pile of gold.

$ #.....# #.# #.....#
#.# #.....#####)#
#...........#
#...........#
###+#+###...........#
...............)....#
....................#
#.....@k.#.........#
#..#####$#.........#
#. #.$.(.#.........#
#.)#.#.#.#......#
#.#...#.........#
#.....#...... ..#..⌠#
.... ###.#### ..## .#
.#


You could see a lindwurm.

Vanquished Creatures
  Harold (D:11)
  A hydra (D:13)
  Erica (D:10)
  2 centaur warriors
  A two-headed ogre (D:13)
  2 tengu warriors
  2 unseen horrors
  A deep troll (D:15)
  2 deep elf magi (D:12)
  A cyclops (D:12)
  A manticore (D:11)
  5 ugly things
  A spiny frog (shapeshifter) (D:14)
  A gargoyle (D:12)
  3 centaur zombies
  A freezing wraith (D:14)
  An efreet (D:14)
  2 kobold demonologists
  A komodo dragon (D:11)
  A yaktaur (D:11)
  A tengu conjurer (D:14)
  A meliai (shapeshifter) (D:14)
  4 trolls (D:12)
  4 hornets
  Grinder (D:6)
  Prince Ribbit (D:6)
  A harpy skeleton (D:15)
  7 hippogriffs
  A wyvern (D:14)
  A redback (D:8)
  25 yaks
  A wraith (D:11)
  A basilisk (D:11)
  A hog (shapeshifter) (D:13)
  A steam dragon (D:11)
  3 hungry ghosts
  An acid dragon (D:13)
  2 water moccasins
  A porcupine (D:11)
  4 black bears
  5 orc warriors
  An eye of draining (D:11)
  3 ice beasts
  5 necrophages
  2 phantoms
  5 sky beasts
  5 ogres
  4 centaurs
  A crocodile (D:14)
  4 big kobolds
  Blork the orc (D:6)
  8 bullfrogs
  A scorpion (D:13)
  2 troll zombies (D:12)
  5 wights
  8 crimson imps
  2 bullfrog zombies
  8 hounds
  9 orc priests
  3 bullfrog skeletons
  5 centaur skeletons
  A jelly (D:10)
  Jessica (D:2)
  2 iguanas
  9 worker ants
  Ijyb (D:5)
  11 orc wizards
  5 ogre zombies (D:12)
  A hound skeleton (D:5)
  2 worker ant zombies
  A gnoll (D:2)
  14 adders
  2 shadow imps
  An ooze (D:1)
  An adder zombie (D:9)
  An adder skeleton (D:2)
  4 worms (D:2)
  A dart slug (D:1)
  5 leopard geckos
  43 orcs
  A giant cockroach (D:4)
  10 goblins
  8 hobgoblins
  13 jackals
  3 quokkas
  2 ball pythons (D:1)
  8 bats
  3 frilled lizards
  A goblin skeleton (D:12)
  3 goblin zombies (D:12)
  2 hobgoblin skeletons (D:12)
  4 hobgoblin zombies (D:12)
  21 kobolds
  3 orc skeletons (D:12)
  12 orc zombies (D:12)
  A quokka skeleton (D:5)
  2 quokka zombies
  6 rats
  A spectral orc (D:8)
390 creatures vanquished.

Vanquished Creatures (collateral kills)
  A scorpion (D:4)
  3 wights (D:6)
  An orc wizard (D:6)
  An orc (D:6)
  A jackal (D:6)
7 creatures vanquished.

Vanquished Creatures (others)
  A hornet (D:9)
  A water moccasin (D:14)
  A worker ant (D:4)
  4 orcs
  3 jackals
  28 fungi (D:11)
  3 plants (D:11)
  4 withered plants (D:12)
45 creatures vanquished.

Grand Total: 442 creatures vanquished

Notes
Turn   | Place    | Note
-------+----------+-------------------------------------------
     0 | D:1      | Chiseanne the Mummy Artificer began the quest for the Orb.
     0 | D:1      | Reached XP level 1. HP: 15/15 MP: 2/2
   306 | D:1      | Reached XP level 2. HP: 20/21 MP: 3/3
   844 | D:2      | Reached XP level 3. HP: 27/27 MP: 5/5
   895 | D:2      | Noticed Jessica
   900 | D:2      | Killed Jessica
   900 | D:2      | Reached skill level 2 in Fighting
   900 | D:2      | Reached skill level 1 in Armour
   915 | D:2      | Found a faded altar of an unknown god.
  1031 | D:2      | Reached XP level 4. HP: 33/33 MP: 6/6
  2559 | D:3      | Reached XP level 5. HP: 39/39 MP: 7/7
  2786 | D:4      | Found an ornate altar of the Wu Jian Council.
  2787 | D:4      | Found Onlioc's Weapon Emporium.
  2837 | D:4      | Reached skill level 3 in Fighting
  2858 | D:4      | Reached XP level 6. HP: 25/47 MP: 8/8
  3083 | D:4      | Found a glowing silver altar of Zin.
  3461 | D:5      | Entered Level 5 of the Dungeon
  3555 | D:5      | Found a shattered altar of Ashenzari.
  3710 | D:5      | Noticed Ijyb
  3712 | D:5      | Killed Ijyb
  3712 | D:5      | Reached XP level 7. HP: 43/53 MP: 6/9
  4190 | D:5      | Found a sparkling altar of Nemelex Xobeh.
  4440 | D:6      | Found a shadowy altar of Dithmenos.
  4474 | D:6      | Reached skill level 4 in Fighting
  4481 | D:6      | Noticed Grinder
  4486 | D:6      | Killed Grinder
  4493 | D:6      | Reached XP level 8. HP: 56/61 MP: 9/11
  4505 | D:6      | Noticed Blork the orc
  4512 | D:6      | Killed Blork the orc
  4515 | D:6      | Noticed Prince Ribbit
  4539 | D:6      | Killed Prince Ribbit
  4539 | D:6      | Reached skill level 5 in Fighting
  4716 | D:6      | Found a bloodstained altar of Trog.
  4858 | D:6      | Noticed Edmund
  4873 | D:6      | Reached skill level 5 in Evocations
  4891 | D:6      | Noticed Edmund
  4891 | D:6      | Edmund changed into Edmund the sky beast
  4917 | D:6      | Found a hide-covered altar of Uskayaw.
  4938 | D:6      | Killed Edmund the sky beast
  5078 | D:6      | Found Rucziokuep's Antique Weapon Emporium.
  5510 | D:7      | Got shimmering fire dragon scales
  5511 | D:7      | Found a staircase to the Ecumenical Temple.
  5516 | Temple   | Entered the Ecumenical Temple
  5544 | Temple   | Became a worshipper of Gozag Ym Sagoz the Greedy
  5587 | D:7      | Identified the cursed +1 fire dragon scales of the Monkey's
                  | Uncle {rF++ rC- Slay+2} (You found it on level 7 of the
                  | Dungeon)
  5888 | D:7      | Reached skill level 5 in Dodging
  5928 | D:6      | Bought a warped long sword for 238 gold pieces
  5929 | D:6      | Identified the +6 long sword of the Moon {holy, +Inv Str+4
                  | Dex+3} (You bought it in a shop on level 6 of the Dungeon)
  6160 | D:8      | Noticed a two-headed ogre
  6164 | D:8      | Noticed a lindwurm
  6164 | D:8      | a two-headed ogre changed into a lindwurm
  6165 | D:8      | a lindwurm changed into a redback
  6170 | D:8      | Reached XP level 9. HP: 60/69 MP: 10/13
  6205 | D:8      | Reached skill level 6 in Fighting
  6301 | D:8      | Reached skill level 5 in Armour
  6338 | D:8      | Found a basalt altar of Yredelemnul.
  6795 | D:8      | Found Zoloo's Gadget Shoppe.
  6807 | D:8      | Bought a wand of disintegration (14) for 216 gold pieces
  7553 | D:9      | Found a runed translucent door.
  7553 | D:9      | Noticed Curus's ghost (novice MiFi)
  7683 | D:9      | Reached skill level 7 in Fighting
  7983 | D:9      | Reached XP level 10. HP: 79/79 MP: 14/14
  8523 | D:10     | Entered Level 10 of the Dungeon
  8726 | D:10     | Noticed Erica
  8736 | D:10     | Killed Erica
  8736 | D:10     | Reached skill level 8 in Fighting
  9478 | D:11     | Noticed a two-headed ogre
 10103 | D:11     | a two-headed ogre changed into a yaktaur
 10182 | D:11     | Noticed a manticore
 10187 | D:11     | Killed a manticore
 10187 | D:11     | Reached XP level 11. HP: 62/87 MP: 11/16
 10431 | D:11     | Got a faintly glowing falchion
 10433 | D:11     | Identified the +6 falchion of the Sky {freeze, Str+8 Int+2}
                  | (You found it on level 11 of the Dungeon)
 10644 | D:11     | Found a staircase to the Lair.
 10656 | D:11     | Noticed Harold
 10672 | D:11     | Killed Harold
 10672 | D:11     | Reached skill level 9 in Fighting
 11394 | D:11     | Found a runed translucent gate.
 11394 | D:11     | Noticed a glowing orange brain
 11402 | D:11     | Found a runed translucent gate.
 11402 | D:11     | Noticed a brown ugly thing
 11403 | D:11     | Found a runed translucent gate.
 11403 | D:11     | Noticed a brown ugly thing
 11404 | D:11     | Noticed a brown ugly thing
 11626 | D:12     | Noticed a deep elf mage
 11633 | D:12     | Killed a deep elf mage
 11912 | D:12     | Found a runed translucent gate.
 11913 | D:12     | Found a runed translucent gate.
 11913 | D:12     | Found a runed translucent gate.
 11916 | D:12     | Noticed a skeletal warrior
 11917 | D:12     | Noticed an iron dragon
 11918 | D:12     | Noticed mys's ghost (journeyman DrWz)
 11919 | D:12     | Noticed a brown ugly thing
 12375 | D:12     | Found a glowing golden altar of the Shining One.
 12375 | D:12     | Noticed an angel
 12376 | D:12     | Found a runed translucent door.
 12593 | D:12     | Noticed a green ugly thing
 12617 | D:12     | Killed a green ugly thing
 12645 | D:12     | Killed an unseen horror
 12645 | D:12     | Reached skill level 10 in Fighting
 12645 | D:12     | Reached XP level 12. HP: 23/97 MP: 8/18
 13155 | D:12     | Found a staircase to the Orcish Mines.
 13699 | D:12     | Found a portal to a secret trove of treasure.
 14796 | D:13     | Noticed a two-headed ogre
 14810 | D:13     | Killed a two-headed ogre
 15213 | D:13     | Noticed a centaur warrior
 15222 | D:13     | Killed a centaur warrior
 15358 | D:13     | Noticed a four-headed hydra
 15373 | D:13     | Killed a four-headed hydra
 15917 | D:14     | Noticed a tengu warrior
 15925 | D:14     | Killed a tengu warrior
 16145 | D:14     | Reached skill level 1 in Shields
 16621 | D:14     | Found a gate to the Vaults.
 16621 | D:14     | Noticed a vault guard
 16621 | D:14     | Noticed a vault guard
 16621 | D:14     | Noticed a vault guard
 16621 | D:14     | Noticed a vault guard
 16939 | D:14     | Noticed an ettin
 16939 | D:14     | an orc knight changed into an ettin
 16982 | D:15     | Entered Level 15 of the Dungeon
 17322 | D:15     | Gained mutation: You are in touch with the powers of death.
                  | [Mummy growth]
 17322 | D:15     | Reached XP level 13. HP: 77/105 MP: 15/20
 17860 | D:15     | Noticed an ettin
 17863 | D:15     | an ettin changed into a wolf spider
 17880 | D:15     | Reached skill level 5 in Shields
 17886 | D:15     | HP: 3/105 [wolf spider (12)]
 17892 | D:15     | Killed from afar by a lindwurm

Levels and vault maps discovered:
D:1:      shiori_arrival_elements, layout_basic, minmay_pentomino_r2
D:2:      layout_basic, chequers_ecumenical_altar_simple_redux,
          grunt_decor_one_mirror, cheibrodos_gnoll_hut, uniq_jessica
D:3:      layout_loops_corners, first_ration
D:4:      layout_cave_pools, overflow_temple_1_default,
          overflow_temple_1_default, serial_shops,
          nicolae_shop_temple_entry_statues_fountains, st_stairs_14,
          moated_statue
D:5:      layout_gridville, evilmike_ruin_ashenzari, marbit_many_paths,
          minmay_small_thing, uniq_ijyb
D:6:      layout_rooms, nicolae_dithmenos_shadow_blocks,
          eat_drink_and_be_merry_uskayaw, lemuel_doored_altar, serial_shops,
          nicolae_shop_temple_entry_statues_fountains, uniq_grinder,
          uniq_prince_ribbit1, uniq_blork_the_orc, uniq_edmund
D:7:      layout_basic, minmay_temple_entry_tees
D:8:      layout_gridville, yredelemnul_forgotten_temple_becter, serial_shops,
          kennysheep_mini
D:9:      layout_roguey, gammafunk_ghost_grave, hangedman_pestilent_swarm,
          minivault_20
D:10:     layout_roguey, uniq_erica
D:11:     layout_loops_ring, due_lair_maze_entry_diamond,
          ploomutoo_gammafunk_ghost_potion_laboratory, amethyst_killhole,
          uniq_harold
D:12:     layout_loops_cross, zombieorc2_lemuel, enter_trove_1,
          gammafunk_ghost_split, serial_undead, serial_undead_b,
          serial_undead_c, serial_undead_c, serial_undead_f,
          minmay_misc_feat_four_crosses, lemuel_angel_altar
D:13:     layout_roguey
D:14:     layout_basic, lightli_vaults_fourway_checkpoint,
          minmay_misc_feat_square
D:15:     hangedman_depths_entry_civil_slaughter, layout_irregular_city,
          fedhas_altar_2
Temple:   jpeg_temple_clearing

Skill      XL: |  1  2  3  4  5  6  7  8  9 10 11 12 13 |
---------------+----------------------------------------+-----
Dodging        | 2 3 4 5 6 7 8 9 |  9.4
Fighting       | 2 3 4 5 7 8 10 | 10.9
Armour         | 1 2 3 4 5 7 8 9 |  9.2
Evocations     | 3 4 5 6 7 8 9 |  9.6
Shields        | 3 5 |  5.0
Short Blades   | |  0.7
Stealth        | |  0.7

Action                   |  1- 3 |  4- 6 |  7- 9 | 10-12 | 13-15 || total
-------------------------+-------+-------+-------+-------+-------++-------
Melee: Short sword       |    99 |   160 |     6 |       |       ||   265
       Rapier            |       |   128 |   118 |       |       ||   246
       Flail             |       |       |   325 |  1044 |    77 ||  1446
       Whip              |       |       |     5 |       |       ||     5
Throw: Stone             |       |     1 |       |       |       ||     1
       Dart              |       |       |     6 |    13 |       ||    19
Evoke: Wand              |       |    15 |    43 |    35 |    13 ||   106
       Fan of gales      |       |       |       |     1 |       ||     1
  Use: Scroll            |     3 |     7 |    10 |    11 |     2 ||    33
 Stab: Paralysed         |       |     3 |       |       |       ||     3
       Distracted        |       |       |       |     7 |       ||     7
Armor: Fire dragon scale |    46 |   168 |   337 |   794 |    91 ||  1436
Dodge: Dodged            |    42 |   159 |   336 |   870 |    95 ||  1502
Block: Buckler           |       |       |       |    56 |    68 ||   124
